 Dungeon Crawl Stone Soup version 0.32-a0-576-g706899e69d (webtiles) character file.

Game seed: 11725199806891466934

1577 BeKind the Trooper (level 8, -6/57 HPs)
             Began as an Octopode Fighter on Mar 2, 2024.
             Was an Initiate of Okawaru.
             Killed from afar by a steam dragon (13 damage)
             ... with a ball of steam
             ... on level 7 of the Dungeon.
             The game lasted 00:06:49 (6452 turns).

BeKind the Trooper (Octopode Fighter)               Turns: 6452, Time: 00:06:50

Health: -6/57      AC:  5    Str: 15    XL:     8   Next: 91%
Magic:  8/8        EV: 15    Int: 11    God:    Okawaru [......]
Gold:   466        SH:  5    Dex: 13    Spells: 7/7 levels left

rFire   . . .        f - +2 trident (heavy)
rCold   . . .        b - +0 buckler
rNeg    . . .        (helmet restricted)
rPois   .            (no amulet)
rElec   .            e - +4 ring of protection
rCorr   .            (no ring)
SInv    .            (no ring)
Will    .....        (no ring)
Stlth   ++           (no ring)
HPRegen 0.29/turn    (no ring)
MPRegen 0.11/turn    (no ring)
                     (no ring)

%: no passive effects
@: no status effects
A: almost no armour, amphibious, 8 rings, camouflage 1, gelatinous body 1,
(nimble swimmer 1), tentacles
a: Renounce Religion


You were on level 7 of the Dungeon.
You worshipped Okawaru.
Okawaru was noncommittal.
You visited 2 branches of the dungeon, and saw 8 of its levels.

You collected 466 gold pieces.

Inventory:

Hand Weapons
 a - a +0 trident
 f - a +2 heavy trident (weapon)
Armour
 b - a +0 buckler (worn)
Jewellery
 e - a +4 ring of protection (left tentacle)
 q - a ring of magical power
Wands
 c - a wand of warping (12)
Scrolls
 d - a scroll of enchant armour {unknown}
 g - 2 scrolls of noise
 h - 2 scrolls of poison
 i - a scroll of blinking
 k - a scroll of amnesia {unknown}
 l - a scroll of teleportation {unknown}
 p - 4 scrolls of enchant weapon
Potions
 j - a potion of enlightenment {unknown}
 o - 2 potions of curing


   Skills:
 + Level 6.2 Fighting
 + Level 5.7 Polearms
 + Level 6.1 Dodging
 + Level 6.2 Shields


You had 7 spell levels left.
You didn't know any spells.
Your spell library contained the following spells:

 Spells                   Type           Power      Damage    Failure   Level
 Cigotuvi's Dreadful Rot  Necr/Alch/Air  0%         N/A       56%         2
 Sublimation of Blood     Necr           0%         N/A       56%         2
 Fugue of the Fallen      Necr           0%         N/A       80%         3
 Ozocubu's Armour         Ice            0%         N/A       80%         3
 Dispel Undead            Necr           0%         3d6       99%         4
 Manifold Assault         Tloc           0%         N/A       99%         4
 Call Imp                 Summ           Unusable   N/A       N/A         2
 Martyr's Knell           Necr/Summ      Unusable   N/A       N/A         4
 Death Channel            Necr           Unusable   N/A       N/A         6
 Summon Hydra             Summ           Unusable   N/A       N/A         7

Dungeon Overview and Level Annotations

Branches:
Dungeon (7/15)             Temple (1/1) D:4

Altars:
Cheibriados
Elyvilon
Fedhas
Gozag
Makhleb
Nemelex Xobeh
Okawaru
Trog
Uskayaw
Vehumet
Xom
Yredelemnul
The Shining One

Annotations:
D:7 Prince Ribbit


Innate Abilities, Weirdness & Mutations

You cannot wear most types of armour.
You are amphibious.
You can wear up to eight rings at the same time.
Your skin changes colour to match your surroundings (Stealth+).
Your rubbery body absorbs attacks. (AC +1, EV +1)
((You are camouflaged when in or above water. (Stealth+)))
You have tentacles for arms and can constrict up to eight enemies at once.


Message History

Found a stone staircase leading down.
A hound comes into view.
Found a forked wooden wand.
The hound barks!
You hear an angry hiss.
A steam dragon comes into view.
The hound bites you but does no damage.
You impale the hound!!
You kill the hound!
Okawaru accepts your kill.
You see here a hound corpse.
You reach to attack!
You hit the steam dragon.
The steam dragon is lightly wounded.
The steam dragon breathes steam at you. The ball of steam hits you!
You hear a croak.
You hear a howl!
You barely miss the steam dragon.
You are engulfed in a cloud of scalding steam.
The steam dragon bites you! You block the steam dragon's attack.
You are too injured to fight recklessly!
You are too injured to fight recklessly!
You are too injured to fight recklessly!
You are too injured to fight recklessly!
You are too injured to fight recklessly!
You are too injured to fight recklessly!
You are too injured to fight recklessly!
You are too injured to fight recklessly!
You are too injured to fight recklessly!
The steam dragon bites you!
* * * LOW HITPOINT WARNING * * *
The steam dragon claws you but does no damage.
Prince Ribbit comes into view.
You puncture the steam dragon!
The steam dragon is heavily wounded.
You are engulfed in a cloud of scalding steam.
* * * LOW HITPOINT WARNING * * *
The steam dragon bites you but does no damage.
You block the steam dragon's attack. The steam dragon breathes steam at you.
The ball of steam hits you!
You die...

............#
...........#
...F.../..# ##
#.........#
...##.........#
..............#
........D>....#
.......@§.....#
#####...§.....##
#..........#
.............#
..............#
........§......#
..............## .
..#########...###+###..
#............


You could see Prince Ribbit and a steam dragon (catching breath).

Vanquished Creatures
  An ice beast (D:6)
  2 black bears
  A centaur (D:6)
  A phantom (D:4)
  A bullfrog (D:6)
  A kobold brigand (D:6)
  A gnoll sergeant (D:6)
  A scorpion (D:5)
  3 howler monkeys
  3 bombardier beetles
  3 hounds
  4 jellies
  An orc priest (D:5)
  4 iguanas
  5 orc wizards
  8 gnolls
  5 adders
  A shadow imp (D:5)
  A white imp (D:6)
  3 dart slugs
  2 ribbon worms (D:2)
  6 orcs
  4 bats
  10 endoplasms
  2 giant cockroaches
  3 goblins
  6 hobgoblins
  4 quokkas
  7 ball pythons
  3 frilled lizards
  9 kobolds
  9 rats
115 creatures vanquished.

Notes
Turn   | Place    | Note
-------+----------+-------------------------------------------
     0 | D:1      | BeKind the Octopode Fighter began the quest for the Orb.
     0 | D:1      | Reached XP level 1. HP: 16/16 MP: 1/1
   154 | D:1      | Reached XP level 2. HP: 20/21 MP: 2/2
   906 | D:2      | Reached XP level 3. HP: 21/26 MP: 3/3
  1616 | D:3      | Noticed a black bear
  1805 | D:3      | Killed a black bear
  1806 | D:3      | Reached XP level 4. HP: 13/33 MP: 4/4
  1806 | D:3      | Reached XP level 5. HP: 15/37 MP: 5/5
  2855 | D:4      | Reached XP level 6. HP: 43/43 MP: 6/6
  2931 | D:4      | Found a staircase to the Ecumenical Temple.
  2950 | Temple   | Entered the Ecumenical Temple
  3044 | Temple   | Became a worshipper of the Shining One
  3438 | D:4      | Identified the +0 robe "Gousauz" {+Blink rElec rC+}
  3448 | D:4      | Reached XP level 7. HP: 42/49 MP: 7/7
  3629 | D:5      | Entered Level 5 of the Dungeon
  3800 | D:5      | Found a blossoming altar of Fedhas.
  4505 | D:5      | Reached skill level 5 in Shields
  4529 | D:5      | Reached skill level 5 in Fighting
  4529 | D:5      | Reached skill level 5 in Dodging
  4751 | D:6      | Reached XP level 8. HP: 46/55 MP: 8/8
  4838 | D:6      | Reached skill level 5 in Polearms
  5109 | D:6      | Found an iron altar of Okawaru.
  5330 | D:6      | Found an opulent altar of Gozag.
  5367 | D:6      | Fell from the grace of the Shining One
  5367 | D:6      | Became a worshipper of Warmaster Okawaru
  6046 | D:6      | HP: 2/57 [gnoll sergeant/+2 heavy trident (11)]
  6451 | D:7      | Noticed Prince Ribbit
  6452 | D:7      | Killed from afar by a steam dragon

Illustrated notes

Levels and vault maps discovered:
D:1:      psy_arrival_fountain, layout_loops_ring,
          hangedman_decor_diamond_cutter, minivault_4, serial_bayou_lake_a
D:2:      layout_basic
D:3:      layout_basic, minmay_misc_feat_hallway, grunt_ministairs_6,
          kennysheep_minor_cross, kennysheep_small_spiral
D:4:      layout_loops_ring, minmay_temple_entry_ruins
D:5:      layout_loops_corners, mainiacjoe_overflow_tiny_flanked,
          lightli_ossuary_entry_decrepit_ruins
D:6:      layout_basic, mainiacjoe_overflow_alcove_4, kennysheep_mini
D:7:      layout_gridville, uniq_maurice, uniq_joseph, uniq_prince_ribbit1
Temple:   hellmonk_temple_beads

Skill      XL: |  1  2  3  4  5  6  7  8 |
---------------+-------------------------+-----
Polearms       | 3 4 5 |  5.7
Fighting       | 4 5 6 |  6.2
Dodging        | 4 5 6 |  6.1
Shields        | 4 5 6 |  6.2

Action                     |  1- 3 |  4- 6 |  7- 9 || total
---------------------------+-------+-------+-------++-------
  Melee: Trident           |    77 |    77 |   129 ||   283
         Constrict         |    11 |    11 |    24 ||    46
         Tentacles         |     9 |    15 |    25 ||    49
    Use: Potion            |       |       |     6 ||     6
         Scroll            |       |       |     4 ||     4
   Stab: Sleeping          |    10 |     3 |     2 ||    15
 Armour: Skin              |    24 |    15 |    52 ||    91
  Dodge: Dodged            |    19 |    27 |    88 ||   134
  Block: Buckler           |     8 |     4 |    20 ||    32

Table legend: (Time is in decaauts)
 A = Elapsed time spent in this place.
 B = Non-inter-level travel time spent in this place.
 C = Inter-level travel time spent in this place.
 D = Time resting spent in this place.
 E = Time spent auto-exploring this place.
 F = Levels seen in this place.
 G = Mean time per level.
                   A        B        C        D        E       F      G
               +--------+--------+--------+--------+--------+-----+--------+
         Total |   6493 |   5908 |    585 |    396 |   4732 |   8 |  811.6 |
       Dungeon |   6348 |   5906 |    442 |    396 |   4732 |   7 |  906.9 |
        Temple |    145 |      2 |    143 |      0 |      0 |   1 |  145.0 |
               +--------+--------+--------+--------+--------+-----+--------+

Top non-repeatable levels by time:
     D:6: 1722 daAuts
     D:3: 1134 daAuts
     D:5: 1091 daAuts
     D:1: 894 daAuts
     D:2: 838 daAuts
     D:4: 646 daAuts
  Temple: 145 daAuts
     D:7: 20 daAuts
